 Dungeon Crawl Stone Soup version 0.30-a0-331-g8ab09dc110 (webtiles) character file.

Game seed: 17572887691961721061

227 RascalDebosk the Magician (level 6, 0/40 HPs)
             Began as a Djinni Air Elementalist on Oct 29, 2022.
             Slain by a gnoll
             ... wielding a +0 flail
              (5 damage)
             ... on level 3 of the Dungeon.
             The game lasted 00:10:18 (1223 turns).

RascalDebosk the Magician (Djinni Air Elementalist) Turns: 1223, Time: 00:10:19

Health: 0/40       AC:  3    Str:  7    XL:     6   Next: 22%
Gold:   92         EV: 12    Int: 19    God:
                   SH:  0    Dex: 13

rFire   + + .      SeeInvis .    n - +5 scythe (venom)
rCold   . . .      Faith    .    (shield currently unavailable)
rNeg    . . .      Spirit   .    o - +1 robe {Will+}
rPois   ∞          Reflect  .    (no helmet)
rElec   .          Harm     .    (no cloak)
rCorr   .          Rampage  .    (no gloves)
Will    +....                    (boots unavailable)
Stlth   ++........               (no amulet)
HPRegen 0.26/turn                j - ring of protection from cold
MPRegen 0.00/turn                (no ring)

@: flying, very slightly contaminated
A: sickness immunity, fire resistance 2, cold vulnerability 1, float, innate
caster, HP casting, extra vitality 1
a: no special abilities


You were on level 3 of the Dungeon.
You visited 1 branch of the dungeon, and saw 3 of its levels.

You collected 92 gold pieces.

Inventory:

Hand Weapons
 n - a +5 scythe of venom (weapon)
Armour
 a - a +0 robe
 o - a +1 robe of willpower (worn)
Jewellery
 j - a ring of protection from cold (left hand)
Wands
 m - a wand of quicksilver (7)
Scrolls
 f - a scroll of summoning {unknown}
 g - a scroll of amnesia {unknown}
 h - a scroll of poison {unknown}
 l - a scroll of fear {unknown}
Potions
 b - a potion of berserk rage {unknown}
 c - a potion of ambrosia {unknown}
 d - a potion of flight {unknown}
 e - a potion of attraction {unknown}
 i - a potion of brilliance {unknown}
 k - a potion of magic {unknown}


   Skills:
 - Level 2.1 Dodging
 - Level 1.5 Stealth
 * Level 5.0 Spellcasting


You had 2 spell levels left.
You knew the following spells:

 Your Spells              Type           Power      Damage    Failure   Level
a - Shock                 Conj/Air       96%        1d9       1%          1
b - Static Discharge      Conj/Air       48%        2-4/arc   2%          2
c - Swiftness             Air            24%        N/A       4%          3
d - Airstrike             Air            12%        2d(2-18)  16%         4
e - Summon Small Mammal   Summ           96%        N/A       1%          1
f - Call Imp              Summ           24%        N/A       2%          2
Your spell library was empty.

Dungeon Overview and Level Annotations

Branches:
Dungeon (3/15)

Altars:


Innate Abilities, Weirdness & Mutations

You are immune to sickness and miasma.
You are immune to poison.
Your flesh is very heat resistant. (rF++)
You are vulnerable to cold. (rC-)
You float through the air rather than walking.
You learn spells naturally, not from books.
Your magical power is your life essence.
You have superior vitality. (+4 MHP)


Message History

You finish putting on your +1 robe of willpower.
You feel strong-willed.
Your +5 scythe of venom begins to drip with poison!
n - a +5 scythe of venom (weapon)
A bat comes into view.
The bat closely misses you. The bat hits you but does no damage.
Aiming: Shock (safe; 1% risk of failure)
Press: ? - help, Q - select action, (/) - cycle Shift-Dir - straight line The zap misses the bat.
The zap hits the bat.
You kill the bat!
You reach down and open the door.
There is an open door here.
A gnoll comes into view. It is wielding a +0 spear.
Aiming: Shock (safe; 1% risk of failure)
Press: ? - help, Q - select action, (/) - cycle Shift-Dir - straight line, f - gnoll
Aim: a gnoll, wielding a +0 spear (77% to hit)
The zap hits the gnoll.
The gnoll is lightly wounded.
Aiming: Shock (safe; 1% risk of failure)
Press: ? - help, Q - select action, (/) - cycle Shift-Dir - straight line, f/p - gnoll
Aim: a gnoll, wielding a +0 spear (lightly wounded, 77% to hit)
The zap hits the gnoll.
The gnoll is moderately wounded.
Aiming: Shock (safe; 1% risk of failure)
Press: ? - help, Q - select action, (/) - cycle Shift-Dir - straight line, f/p - gnoll
Aim: a gnoll, wielding a +0 spear (moderately wounded, 77% to hit)
The zap hits the gnoll.
The gnoll is heavily wounded.
Aiming: Shock (safe; 1% risk of failure)
Press: ? - help, Q - select action, (/) - cycle Shift-Dir - straight line, f/p - gnoll
Aim: a gnoll, wielding a +0 spear (heavily wounded, 77% to hit)
The zap hits the gnoll but does no damage.
The gnoll is heavily wounded.
Aiming: Shock (safe; 1% risk of failure)
Press: ? - help, Q - select action, (/) - cycle Shift-Dir - straight line, f/p - gnoll
Aim: a gnoll, wielding a +0 spear (heavily wounded, 77% to hit)
The zap hits the gnoll.
The gnoll is severely wounded.
The gnoll barely misses you.
Aiming: Shock (safe; 1% risk of failure)
Press: ? - help, Q - select action, (/) - cycle Shift-Dir - straight line, f/p - gnoll
Aim: a gnoll, wielding a +0 spear (severely wounded, 77% to hit)
The zap hits the gnoll.
The gnoll is almost dead.
The gnoll hits you from afar with a +0 spear.
Aiming: Shock (safe; 1% risk of failure)
Press: ? - help, Q - select action, (/) - cycle Shift-Dir - straight line, f/p - gnoll
Aim: a gnoll, wielding a +0 spear (almost dead, 77% to hit)
The zap hits the gnoll.
You kill the gnoll!
Your Spellcasting skill increases to level 5!
An endoplasm and 2 gnolls come into view.
Found 18 gold pieces.
The gnoll shouts!
You see here 13 gold pieces.
You now have 92 gold pieces (gained 13).
Aiming: Shock (safe; 1% risk of failure)
Press: ? - help, Q - select action, (/) - cycle Shift-Dir - straight line, f - gnoll
Aim: a gnoll, wielding a +0 flail (77% to hit)
The zap hits the gnoll.
The gnoll is moderately wounded.
The zap hits the endoplasm!
You kill the endoplasm!
The gnoll shouts!
Aiming: Shock (safe; 1% risk of failure)
Press: ? - help, Q - select action, (/) - cycle Shift-Dir - straight line, f/p - gnoll
Aim: a gnoll, wielding a +0 flail (moderately wounded, 77% to hit)
The zap hits the gnoll.
The gnoll is heavily wounded.
Aiming: Shock (safe; 1% risk of failure)
Press: ? - help, Q - select action, (/) - cycle Shift-Dir - straight line, f/p - gnoll
Aim: a gnoll, wielding a +0 flail (heavily wounded, 77% to hit)
The zap hits the gnoll.
The gnoll is heavily wounded.
Casting: Shock (safe; 1% risk of failure)
Confirm with . or Enter, or press ? or * to list all spells.
The spell is quite dangerous to miscast (16% risk of failure)!
Continue anyway?
Aiming: Airstrike (quite dangerous; 16% risk of failure)
Press: ? - help, Dir - move target, f/p - gnoll
Aim: a gnoll, wielding a +0 flail (heavily wounded, empty space bonus: 8/8)
You miscast Airstrike.
You are very lightly contaminated with residual magic.
The wind whips around you!
* * * LOW HITPOINT WARNING * * *
* * * LOW HITPOINT WARNING * * *
The gnoll throws a throwing net.
The throwing net barely misses you.
Casting: Airstrike (quite dangerous; 16% risk of failure)
Confirm with . or Enter, or press ? or * to list all spells.
The gnoll is struck by an arc of lightning.
The gnoll is almost dead.
You are struck by an arc of lightning.
* * * LOW HITPOINT WARNING * * *
The lightning grounds out.
* * * LOW HITPOINT WARNING * * *
The gnoll hits you with a +0 flail!
* * * LOW HITPOINT WARNING * * *
You closely miss the gnoll.
The gnoll is almost dead.
The gnoll misses you. The gnoll hits you with a +0 flail.
You die...

#########.....#
#........#
............###
#.......[#
)...........#
###.######
..#....÷....# #.#
............# #.#
............# #.#
..#.........# .#
..#.........########.#
..#.............@....#
###'#####.....g....#
#....##....)..g..#
####.##..........#
#.##..........#
#.##...........$
#.##............#
#..#............#
#######.#########


You could see 2 gnolls.

Vanquished Creatures
  Sigmund (D:3)
  A gnoll (D:3)
  2 adders
  A dart slug (D:1)
  An orc (D:3)
  6 ball pythons
  3 bats
  5 endoplasms
  2 giant cockroaches (D:1)
  5 hobgoblins (D:1)
  4 jackals (D:1)
  A quokka (D:1)
  3 frilled lizards (D:1)
  3 kobolds (D:1)
  7 rats
45 creatures vanquished.

Notes
Turn   | Place    | Note
-------+----------+-------------------------------------------
     0 | D:1      | RascalDebosk the Djinni Air Elementalist began the quest
                  | for the Orb.
     0 | D:1      | RascalDebosk set off with the following spells memorised:
                  | Shock, Static Discharge, Swiftness, Airstrike.
     0 | D:1      | Reached XP level 1. HP: 15/15 MP: 0/0
   125 | D:1      | Reached XP level 2. HP: 18/21 MP: 0/0
   272 | D:1      | Reached skill level 3 in Spellcasting
   280 | D:1      | Reached XP level 3. HP: 16/25 MP: 0/0
   280 | D:1      | Learned a level 1 spell: Summon Small Mammal
   886 | D:2      | You are sucked into a shaft and drop 1 floor!
   900 | D:3      | Reached XP level 4. HP: 30/31 MP: 0/0
  1062 | D:3      | Noticed Sigmund
  1066 | D:3      | Killed Sigmund
  1067 | D:3      | Reached skill level 4 in Spellcasting
  1067 | D:3      | Reached XP level 5. HP: 30/35 MP: 0/0
  1067 | D:3      | Learned a level 2 spell: Call Imp
  1067 | D:3      | Reached XP level 6. HP: 35/40 MP: 0/0
  1214 | D:3      | Reached skill level 5 in Spellcasting
  1223 | D:3      | Slain by a gnoll

Illustrated notes

Levels and vault maps discovered:
D:1:      lightli_arrival_flooded_house, layout_basic
D:2:      layout_loops_cross
D:3:      layout_basic, grunt_ministairs_13, uniq_sigmund

Skill      XL: |  1  2  3  4  5  6 |
---------------+-------------------+-----
Spellcasting   | 3 4 5 |  5.0
Dodging        | |  2.1
Stealth        | |  1.5

Action                   |  1- 3 |  4- 6 || total
-------------------------+-------+-------++-------
Melee: Halberd           |       |     1 ||     1
 Cast: Shock             |    62 |    23 ||    85
       Static Discharge  |     3 |     2 ||     5
       Airstrike         |       |     1 ||     1
Armor: Robe              |     1 |     1 ||     2
Dodge: Dodged            |     7 |     4 ||    11

Table legend: (Time is in decaauts)
 A = Elapsed time spent in this place.
 B = Non-inter-level travel time spent in this place.
 C = Inter-level travel time spent in this place.
 D = Time resting spent in this place.
 E = Time spent auto-exploring this place.
 F = Levels seen in this place.
 G = Mean time per level.
                   A        B        C        D        E       F      G
               +--------+--------+--------+--------+--------+-----+--------+
         Total |   1221 |   1152 |     69 |    120 |    784 |   3 |  407.0 |
       Dungeon |   1221 |   1152 |     69 |    120 |    784 |   3 |  407.0 |
               +--------+--------+--------+--------+--------+-----+--------+

Top non-repeatable levels by time:
     D:1: 819 daAuts
     D:3: 335 daAuts
     D:2: 66 daAuts
